 Dungeon Crawl Stone Soup version 0.24.0-123-gd5b16e6ec5 (webtiles) character file.

Game seed: 2715959560920201320, levelgen mode: deterministic

4095 FishyPogo the Blocker (level 10, -8/81 HPs)
             Began as a Gnoll Fighter on Jan 24, 2020.
             Was a Priest of Okawaru.
             Mangled by a white ugly thing (32 damage)
             ... on level 8 of the Dungeon.
             The game lasted 00:25:58 (6425 turns).

FishyPogo the Blocker (Gnoll Fighter)               Turns: 6425, Time: 00:25:59

Health: -8/81      AC:  9    Str: 22      XL:     10   Next: 26%
Magic:  15/17      EV: 13    Int: 16      God:    Okawaru [***...]
Gold:   154        SH: 17    Dex: 16 (17) Spells: 16/19 levels left

rFire    . . .     SeeInvis +   a - +2 long sword of the Little People {flame, Int+4}
rCold    . . .     Gourm    .   c - +0 shield
rNeg     . . .     Faith    .   Q - +2 leather armour {rPois}
rPois    +         Spirit   .   p - +2 hat
rElec    .         Reflect  +   M - +1 cloak
rCorr    .         Harm     .   (no gloves)
MR       .....                  (no boots)
Stlth    +++.......             L - amulet "Vuoxipipsi" {Reflect Fragile Int+2 SH+5 SInv}
HPRegen  0.23/turn              (no ring)
MPRegen  0.15/turn              (no ring)

@: no status effects
A: distributed training, fangs 1, talons 2, agile 1, deformed body, strong nose
a: Heroism, Renounce Religion


You were on level 8 of the Dungeon.
You worshipped Okawaru.
Okawaru was most pleased with you.
You were not hungry.

You visited 2 branches of the dungeon, and saw 9 of its levels.

You collected 476 gold pieces.
You spent 322 gold pieces at shops.

Inventory:

Hand Weapons
 a - the +2 long sword of the Little People (weapon) {flame, Int+4}
   (You bought it in a shop on level 5 of the Dungeon)

   It has been specially enchanted to burn those struck by it, causing extra
   injury to most foes and up to half again as much damage against particularly
   susceptible opponents.
   Big, fiery blades are also staple armaments of hydra-hunters.
   It affects your intelligence (+4).
 b - a +3 falchion of freezing
 g - a +2 dagger of holy wrath
 s - a +4 dagger of electrocution
Missiles
 h - 261 stones
 k - 4 curare-tipped darts
 q - 14 boomerangs
 u - 6 javelins
 w - a throwing net
 B - 4 atropa-tipped darts
 O - 34 poisoned darts (quivered)
Armour
 c - a +0 shield (worn)
 i - a +0 scale mail
 p - a +2 hat (worn)
 x - a +2 robe of cold resistance
 J - a scarf of cloud immunity
 M - a +1 cloak (worn)
 Q - a +2 leather armour of poison resistance (worn)
Jewellery
 l - an uncursed ring of fire
 L - the amulet "Vuoxipipsi" (around neck) {Reflect Fragile Int+2 SH+5 SInv}
   (You bought it in a shop on level 4 of the Dungeon)

   [amulet of reflection]

   It shields you and reflects attacks.
   It affects your intelligence (+2).
   It lets you see invisible.
   It will be destroyed if unequipped.
   It affects your SH (+5).
Wands
 F - a wand of polymorph (5)
 N - a wand of iceblast (10)
Scrolls
 e - 4 scrolls of remove curse
 m - 3 scrolls of enchant weapon {unknown}
 n - 9 scrolls of teleportation
 t - 2 scrolls of noise {unknown}
 v - 2 scrolls of blinking {unknown}
 y - 9 scrolls of identify
 z - a scroll of enchant armour
 A - 2 scrolls of fear {unknown}
 D - 2 scrolls of magic mapping {unknown}
 I - a scroll of immolation {unknown}
Potions
 d - 2 potions of might
 j - 3 potions of heal wounds
 o - a potion of resistance
 r - a potion of flight
 E - a potion of agility
 H - a potion of cancellation {unknown}
 K - 5 potions of brilliance {unknown}
 R - 2 potions of haste {unknown}
Comestibles
 f - 10 rations
 C - a chunk of flesh


   Skills:
 + Level 8.3 Fighting
 + Level 5.0 Short Blades
 + Level 5.0 Long Blades
 + Level 6.9 Axes
 + Level 5.0 Maces & Flails
 + Level 5.0 Polearms
 + Level 5.0 Staves
 + Level 5.0 Slings
 + Level 5.0 Bows
 + Level 5.0 Crossbows
 + Level 5.0 Throwing
 + Level 8.3 Armour
 + Level 5.0 Dodging
 + Level 5.0 Stealth
 + Level 8.3 Shields
 + Level 5.0 Unarmed Combat
 + Level 5.0 Spellcasting
 + Level 4.1 Conjurations
 + Level 4.1 Hexes
 + Level 4.1 Charms
 + Level 4.1 Summonings
 + Level 4.1 Necromancy
 + Level 4.1 Translocations
 + Level 4.1 Transmutations
 + Level 4.1 Fire Magic
 + Level 4.1 Ice Magic
 + Level 4.1 Air Magic
 + Level 4.1 Earth Magic
 + Level 4.1 Poison Magic
 + Level 5.5 Invocations
 + Level 5.0 Evocations


You had 16 spell levels left.
You knew the following spells:

 Your Spells              Type           Power        Failure   Level  Hunger
a - Flame Tongue          Conj/Fire      ###..        8%          1    None
b - Throw Flame           Conj/Fire      ###...       11%         2    #......

Your spell library contained the following spells:

 Spells                   Type           Power        Failure   Level  Hunger
 Conjure Flame            Conj/Fire      ###.....     22%         3    ###....
 Inner Flame              Hex/Fire       ###.....     22%         3    ###....
 Sticky Flame             Conj/Fire      ###.....     58%         4    ####...
 Fireball                 Conj/Fire      ###.......   90%         5    ######.


Dungeon Overview and Level Annotations

Branches:
Dungeon (8/15)             Temple (1/1) D:4
   Lair: D:8-11

Altars:
Ashenzari
Cheibriados
Dithmenos
Elyvilon
Fedhas
Gozag
Hepliaklqana
Kikubaaqudgha
Makhleb
Nemelex Xobeh
Okawaru
Qazlal
Ru
Sif Muna
Trog
Uskayaw
Vehumet
Wu Jian
Xom
Yredelemnul
Zin
The Shining One

Shops:
D:4 *   D:5 %(*?


Innate Abilities, Weirdness & Mutations

Your experience applies equally to all skills.
You have very sharp teeth.
Your uncanny sense of smell can sniff out nearby items.
You have razor-sharp toenails.
You are agile. (Dex +2)
Armour fits poorly on your strangely shaped body.


Message History

You slash the white ugly thing! You burn the white ugly thing!
The white ugly thing is heavily wounded.
The white ugly thing pecks you. The white ugly thing freezes you!!
You hit the white ugly thing but do no damage.
The white ugly thing is heavily wounded.
You block the white ugly thing's attack.
You completely miss the white ugly thing.
You claw the white ugly thing, but do no damage.
The white ugly thing is heavily wounded.
The white ugly thing completely misses you.
You riposte.
You hit the white ugly thing. You burn the white ugly thing.
The white ugly thing is heavily wounded.
You block the white ugly thing's attack.
You slash the white ugly thing! You burn the white ugly thing.
Your kick misses the white ugly thing.
The white ugly thing is severely wounded.
The white ugly thing pecks you!
* * * LOW HITPOINT WARNING * * *
The white ugly thing freezes you!!
You die...

∆#.################
#>.............(..
##########.####### ##
####...#......... ...
#......#......... ....
#......#....≈.... .....
#......#.........
.....h###....).#....÷....
....hHhu@......'.....≈≈..
###.########...#.....≈...
#...#.........
#####......... #.........
########## # #######
#......


You could see a white ugly thing, a hippogriff and 3 jackals.

Vanquished Creatures
  Prince Ribbit (D:6)
  Grinder (D:3)
  Sigmund (D:2)
  A hungry ghost (D:7)
  A water moccasin (D:7)
  An orc warrior (D:6)
  2 phantoms
  2 necrophages (D:6)
  An ice beast (D:6)
  2 ogres (D:8)
  A centaur (D:8)
  2 bullfrogs
  A wyvern skeleton (D:8)
  3 scorpions
  10 killer bees
  15 wights
  A howler monkey (D:6)
  2 crimson imps (D:7)
  4 orc priests
  3 jellies (D:8)
  4 hounds
  A centaur skeleton (D:8)
  Jessica (D:3)
  Ijyb (D:5)
  6 worker ants
  8 orc wizards
  A hound zombie (D:8)
  A hound skeleton (D:6)
  A worker ant zombie (D:5)
  Robin (D:2)
  4 gnolls (D:8)
  12 adders
  An adder skeleton (D:4)
  A dart slug (D:2)
  2 worms
  5 leopard geckos
  26 orcs
  6 bats
  4 giant cockroaches
  12 hobgoblins
  11 jackals
  2 quokkas
  2 frilled lizards
  15 goblins
  A jackal zombie (D:5)
  4 kobolds
  A leopard gecko zombie (D:3)
  A quokka skeleton (D:4)
  10 rats
200 creatures vanquished.

Notes
Turn   | Place    | Note
-------+----------+-------------------------------------------
     0 | D:1      | FishyPogo the Gnoll Fighter began the quest for the Orb.
     0 | D:1      | Reached XP level 1. HP: 23/23 MP: 1/1
   111 | D:2      | Reached XP level 2. HP: 27/29 MP: 2/2
   235 | D:2      | Reached XP level 3. HP: 31/35 MP: 3/3
   329 | D:3      | Noticed Grinder
   335 | D:2      | Noticed Sigmund
   345 | D:2      | Killed Sigmund
   345 | D:2      | Reached skill level 1 in Short Blades
   345 | D:2      | Reached skill level 1 in Long Blades
   345 | D:2      | Reached skill level 1 in Maces & Flails
   345 | D:2      | Reached skill level 1 in Polearms
   345 | D:2      | Reached skill level 1 in Staves
   345 | D:2      | Reached skill level 1 in Slings
   345 | D:2      | Reached skill level 1 in Bows
   345 | D:2      | Reached skill level 1 in Crossbows
   345 | D:2      | Reached skill level 1 in Throwing
   345 | D:2      | Reached skill level 1 in Dodging
   345 | D:2      | Reached skill level 1 in Stealth
   345 | D:2      | Reached skill level 1 in Unarmed Combat
   345 | D:2      | Reached skill level 1 in Spellcasting
   345 | D:2      | Reached skill level 1 in Conjurations
   345 | D:2      | Reached skill level 1 in Hexes
   345 | D:2      | Reached skill level 1 in Charms
   345 | D:2      | Reached skill level 1 in Summonings
   345 | D:2      | Reached skill level 1 in Necromancy
   345 | D:2      | Reached skill level 1 in Translocations
   345 | D:2      | Reached skill level 1 in Transmutations
   345 | D:2      | Reached skill level 1 in Fire Magic
   345 | D:2      | Reached skill level 1 in Ice Magic
   345 | D:2      | Reached skill level 1 in Air Magic
   345 | D:2      | Reached skill level 1 in Earth Magic
   345 | D:2      | Reached skill level 1 in Poison Magic
   345 | D:2      | Reached skill level 1 in Invocations
   345 | D:2      | Reached skill level 1 in Evocations
   345 | D:2      | Reached XP level 4. HP: 41/41 MP: 3/6
   345 | D:2      | Reached XP level 5. HP: 47/47 MP: 3/7
   508 | D:4      | Reached XP level 6. HP: 53/53 MP: 8/8
   517 | D:4      | Found a staircase to the Ecumenical Temple.
   524 | Temple   | Entered the Ecumenical Temple
   579 | Temple   | Became a worshipper of Warmaster Okawaru
   853 | D:3      | Noticed Jessica
   859 | D:3      | Killed Jessica
   931 | D:1      | Reached skill level 5 in Axes
  1611 | D:2      | Noticed Robin
  1625 | D:2      | Killed Robin
  1736 | D:3      | Killed Grinder
  1736 | D:3      | Reached XP level 7. HP: 42/60 MP: 10/10
  2056 | D:4      | Found Vexzie's Assorted Antiques.
  2063 | D:4      | Bought a flickering ivory amulet for 135 gold pieces
  2064 | D:4      | Identified the amulet "Vuoxipipsi" {Reflect Fragile Int+2
                  | SH+5 SInv} (You bought it in a shop on level 4 of the
                  | Dungeon)
  2495 | D:4      | Reached * piety under Okawaru
  2547 | D:5      | Entered Level 5 of the Dungeon
  2549 | D:5      | Found Setejol's Magic Scroll Shop.
  2594 | D:5      | Noticed Ijyb
  2606 | D:5      | Killed Ijyb
  2650 | D:5      | Found Kudd's Food Shoppe.
  2703 | D:5      | Found Voppireu's Antique Weapon Boutique.
  2863 | D:5      | Found Hewawoc's General Store.
  2888 | D:5      | Learned a level 1 spell: Flame Tongue
  3003 | D:6      | Reached XP level 8. HP: 65/67 MP: 12/12
  3465 | D:6      | Reached ** piety under Okawaru
  3488 | D:6      | Noticed Prince Ribbit
  3530 | D:6      | Killed Prince Ribbit
  3786 | D:6      | Found a burning altar of Makhleb.
  3817 | D:6      | Reached XP level 9. HP: 67/71 MP: 14/14
  3963 | D:5      | Bought a bloodstained long sword for 187 gold pieces
  3963 | D:5      | Identified the +2 long sword of the Little People {flame,
                  | Int+4} (You bought it in a shop on level 5 of the Dungeon)
  4514 | D:7      | Gained mutation: Armour fits poorly on your strangely
                  | shaped body. [potion of mutation]
  4514 | D:7      | Gained mutation: You have sharp toenails. [potion of
                  | mutation]
  4514 | D:7      | Gained mutation: You have razor-sharp toenails. [potion of
                  | mutation]
  4514 | D:7      | Gained mutation: You are agile. (Dex +2) [potion of
                  | mutation]
  4997 | D:6      | Reached *** piety under Okawaru
  5102 | D:7      | Reached skill level 5 in Invocations
  5217 | D:7      | Found an opulent altar of Gozag.
  5482 | D:8      | Reached XP level 10. HP: 77/80 MP: 17/17
  5912 | D:8      | Learned a level 2 spell: Throw Flame
  5982 | D:8      | Reached skill level 5 in Short Blades
  5982 | D:8      | Reached skill level 5 in Long Blades
  5982 | D:8      | Reached skill level 5 in Maces & Flails
  5982 | D:8      | Reached skill level 5 in Polearms
  5982 | D:8      | Reached skill level 5 in Staves
  5982 | D:8      | Reached skill level 5 in Slings
  5982 | D:8      | Reached skill level 5 in Bows
  5982 | D:8      | Reached skill level 5 in Crossbows
  5982 | D:8      | Reached skill level 5 in Throwing
  5982 | D:8      | Reached skill level 5 in Dodging
  5982 | D:8      | Reached skill level 5 in Stealth
  5982 | D:8      | Reached skill level 5 in Unarmed Combat
  5982 | D:8      | Reached skill level 5 in Spellcasting
  5982 | D:8      | Reached skill level 5 in Evocations
  6412 | D:8      | Noticed a white ugly thing
  6425 | D:8      | Mangled by a white ugly thing

Levels and vault maps discovered:
D:1:      lemuel_arrival_river_ford, layout_rooms, minmay_tetromino_l2
D:2:      layout_basic, st_stairs_7, uniq_sigmund, uniq_robin
D:3:      layout_rooms, first_ration, uniq_jessica, uniq_grinder
D:4:      layout_rooms, minmay_temple_entry_waves, serial_shops, shop
D:5:      layout_basic, serial_shops, shop_fountains, shop,
          nicolae_shop_window_shopping, shop, uniq_ijyb
D:6:      layout_cave_pools, makhleb_blood_cavern_becter, uniq_prince_ribbit1
D:7:      layout_cave_pools, nicolae_gozag_cash_rules_everything_around_me
D:8:      layout_basic, grunt_pizzeria
Temple:   nicolae_temple_the_god_donut

Skill      XL: |  1  2  3  4  5  6  7  8  9 10 |
---------------+-------------------------------+-----
Short Blades   | 1 2 3 4 5 |  5.0
Long Blades    | 1 2 3 4 5 |  5.0
Maces & Flails | 1 2 3 4 5 |  5.0
Polearms       | 1 2 3 4 5 |  5.0
Staves         | 1 2 3 4 5 |  5.0
Slings         | 1 2 3 4 5 |  5.0
Bows           | 1 2 3 4 5 |  5.0
Crossbows      | 1 2 3 4 5 |  5.0
Throwing       | 1 2 3 4 5 |  5.0
Dodging        | 1 2 3 4 5 |  5.0
Stealth        | 1 2 3 4 5 |  5.0
Unarmed Combat | 1 2 3 4 5 |  5.0
Spellcasting   | 1 2 3 4 5 |  5.0
Conjurations   | 1 2 3 4 |  4.1
Hexes          | 1 2 3 4 |  4.1
Charms         | 1 2 3 4 |  4.1
Summonings     | 1 2 3 4 |  4.1
Necromancy     | 1 2 3 4 |  4.1
Translocations | 1 2 3 4 |  4.1
Transmutations | 1 2 3 4 |  4.1
Fire Magic     | 1 2 3 4 |  4.1
Ice Magic      | 1 2 3 4 |  4.1
Air Magic      | 1 2 3 4 |  4.1
Earth Magic    | 1 2 3 4 |  4.1
Poison Magic   | 1 2 3 4 |  4.1
Invocations    | 1 2 3 4 5 |  5.5
Evocations     | 1 2 3 4 5 |  5.0
Axes           | 5 6 |  6.9
Fighting       | 7 8 |  8.3
Armour         | 7 8 |  8.3
Shields        | 7 8 |  8.3

Action                   |  1- 3 |  4- 6 |  7- 9 | 10-12 || total
-------------------------+-------+-------+-------+-------++-------
Melee: War axe           |    12 |   118 |   145 |       ||   275
       Bite              |     1 |    12 |    47 |    13 ||    73
       Unarmed           |     8 |     3 |       |       ||    11
       Battleaxe         |       |       |    37 |       ||    37
       Long sword        |       |       |   168 |     4 ||   172
       Kick              |       |       |    30 |    34 ||    64
       Falchion          |       |       |    27 |    61 ||    88
       Dagger            |       |       |     2 |    22 ||    24
 Fire: Hunting sling     |    22 |       |    27 |       ||    49
Throw: Stone             |       |       |     1 |       ||     1
       Dart              |       |       |    11 |       ||    11
 Cast: Flame Tongue      |       |       |       |    17 ||    17
       Throw Flame       |       |       |       |    10 ||    10
  Use: Scroll            |       |     4 |     3 |       ||     7
       Potion            |       |       |     7 |       ||     7
 Stab: Confused          |     1 |       |       |       ||     1
       Distracted        |       |       |     1 |       ||     1
       Sleeping          |       |       |     1 |     1 ||     2
  Eat: Chunk             |       |     3 |    13 |     3 ||    19
       Ration            |       |       |     1 |       ||     1
Armor: Scale mail        |     7 |    28 |    64 |       ||    99
       Skin              |       |     1 |       |       ||     1
       Leather armour    |       |       |    40 |    13 ||    53
Dodge: Dodged            |     4 |    44 |   153 |    24 ||   225
Block: Shield            |     6 |    69 |   406 |    69 ||   550
       Other             |       |       |    10 |       ||    10
       Reflection        |       |       |     7 |     1 ||     8
       Rpst.: Long sword |       |       |    24 |     1 ||    25
       Falchion          |       |       |     2 |     6 ||     8
